cohdb
Replays
Latest Replays
All Replays
Popular Replays
Top Player Replays
Match Explorer
How It Works
Community
CoH3 Stats
Reddit
Sign in to upload your games and track your stats! →
Sign in with Steam
Match 28903773
Unlisted
Match 28903773
Overview
Messages
Build Orders
End
Pioneer Squad
Construct Infanterie Kompanie
Grenadier Squad
MG 42 Machine Gun Team
Grenadier Squad
Construct Luftwaffe Kompanie
Jäger Squad
221 Scout Car
Selects Mechanized Battlegroup
Selects Raid Package
Jäger Squad
Jäger Squad
Construct Panzergrenadier Kompanie
Selects Mobile Repair Stations
251 Medium Carrier
Support Elements
Wirbelwind Flakpanzer
Wirbelwind Flakpanzer
Selects Stoßtruppen Assault Package
Selects Mechanized Assault
Mechanized Assault
Grenadier Squad
Construct Panzer Kompanie
Selects 8 Rad Armored Car
Selects UNKNOWN (2160084)
Stoßtruppen Squad
Jäger Squad
Mechanized Assault
Panther Heavy Tank
Panther Heavy Tank
Mechanized Assault
Wirbelwind Flakpanzer
Wirbelwind Flakpanzer
Mr.Faraam
razzie
zachjw23
Whitebanger
0
0
Comments
sign in to comment!
No comments posted yet!